 Dungeon Crawl Stone Soup version 0.32-a0-42-ga30500b4d3 (webtiles) character file.

Game seed: 12224358372825139177

70 IdlyInterested the Cutter (level 4, 0/35 HPs)
             Began as a Demonspawn Fighter on Jan 29, 2024.
             Killed by nerve-wracking pain
             ... invoked by an orc priest
              (3 damage)
             ... on level 3 of the Dungeon.
             The game lasted 00:04:11 (1674 turns).

IdlyInterested the Cutter (Demonspawn Fighter)      Turns: 1674, Time: 00:04:11

Health: 0/35       AC: 12    Str: 18    XL:     4   Next: 3%
Magic:  4/4        EV:  7    Int:  8    God:
Gold:   112        SH:  4    Dex: 13    Spells: 3/3 levels left

rFire   . . .        a - +0 rapier
rCold   . . .        c - +0 buckler
rNeg    . . .        n - +0 chain mail
rPois   .            (helmet restricted)
rElec   .            m - +0 cloak
rCorr   .            (no gloves)
SInv    .            (no boots)
Will    .....        (no amulet) Stlth
                     (no ring)
HPRegen 0.25/turn    (no ring)
MPRegen 0.09/turn

%: no passive effects
@: mighty, hasted, very quick
A: antennae 1, icy blue scales 1, demonic guardian 1
a: no special abilities


You were on level 3 of the Dungeon.
You visited 1 branch of the dungeon, and saw 3 of its levels.

You collected 112 gold pieces.

Inventory:

Hand Weapons
 a - a +0 rapier (weapon)
Missiles
 e - 28 stones (quivered)
 k - 11 poisoned darts
Armour
 c - a +0 buckler (worn)
 m - a +0 cloak (worn)
 n - a +0 chain mail (worn)
Scrolls
 f - a scroll of identify {unknown}
 g - a scroll of enchant weapon {unknown}
 h - 3 scrolls of teleportation
 i - a scroll of revelation
 l - a scroll of fear


   Skills:
 - Level 3.0 Fighting
 * Level 3.3 Short Blades
 - Level 2.6 Armour
 - Level 1.0 Dodging
 + Level 1.4 Stealth
 - Level 2.6 Shields


You had 3 spell levels left.
You didn't know any spells.
Your spell library contained the following spells:

 Spells                   Type           Power      Damage    Failure   Level
 Magic Dart               Conj           0%         1d3       99%         1
 Sting                    Conj/Alch      0%         1d3       99%         1
 Blink                    Tloc           0%         N/A       100%        2
 Call Imp                 Summ           0%         N/A       100%        2
 Mercury Vapours          Alch/Air       0%         N/A       100%        2
 Olgreb's Toxic Radiance  Alch           0%         N/A       100%        4


Dungeon Overview and Level Annotations

Branches:
Dungeon (3/15)

Altars:
Nemelex Xobeh
Ru


Innate Abilities, Weirdness & Mutations

You have a pair of small antennae on your head.
You are partially covered in icy blue scales. (AC +2)
A weak demonic guardian rushes to your aid.


Message History

You closely miss the orc.
The orc is lightly wounded.
The orc hits you but does no damage.
You puncture the orc!
You kill the orc!
You swap places.
Your white imp barely misses the orc priest.
The orc priest barely misses your white imp.
Your white imp hits the orc priest but does no damage.
The orc priest hits your white imp but does no damage.
Your white imp gestures at the orc priest.
The puff of frost hits the orc priest.
The orc priest misses your white imp.
Your white imp hits the orc priest but does no damage.
The orc priest barely misses your white imp.
Your white imp barely misses the orc priest.
The orc priest invokes the aid of Beogh against you.
Beogh smites you!
* * * LOW HITPOINT WARNING * * *
Your white imp hits the orc priest.
Your white imp freezes the orc priest.
The orc priest closely misses your white imp.
It was a potion of haste.
You feel yourself speed up.
Your white imp barely misses the orc priest.
The orc priest mumbles some strange prayers to Beogh against your white imp.
Your white imp is smitten.
Your white imp dies!
Your white imp disappears in a puff of smoke!
The orc priest hits you with a +0 whip.
* * * LOW HITPOINT WARNING * * *
A demonic guardian appears!
You hit the orc priest.
The orc priest is severely wounded.
The orc priest closely misses you.
You hit the orc priest but do no damage.
The orc priest is severely wounded.
Your quasit bites the orc priest but does no damage.
Your quasit claws the orc priest.
Your quasit claws the orc priest but does no damage.
The orc priest invokes the aid of Beogh against you.
Pain shoots through your body!
You die...

#..####.# #.#
##.......####.#######
##....##..............
##.....###.###...######
##8..8#####.##.....#
#.....⌠#....###...##
###..######## ##.##
#.....8# #.# ###..###
#@# #⌠.....# #o#
###..### 5(. #.....#
..(.. ###..## ...(...
#_....♣ .........
###_..# +.........+
##### #.........#


You could see an orc priest (ally target) and a friendly quasit (summoned).

Vanquished Creatures
  An orc priest (D:3)
  2 orcs (D:3)
  3 bats
  5 endoplasms
  2 giant cockroaches (D:1)
  6 goblins
  A hobgoblin (D:1)
  3 kobolds
  2 quokkas (D:1)
  4 ball pythons
  A frilled lizard (D:2)
  4 rats
34 creatures vanquished.

Notes
Turn   | Place    | Note
-------+----------+-------------------------------------------
     0 | D:1      | IdlyInterested the Demonspawn Fighter began the quest for
                  | the Orb.
     0 | D:1      | Reached XP level 1. HP: 18/18 MP: 1/1
   266 | D:1      | Gained mutation: A weak demonic guardian rushes to your
                  | aid. [demonic ancestry]
   266 | D:1      | Reached XP level 2. HP: 24/24 MP: 2/2
   581 | D:1      | Reached skill level 1 in Dodging
   918 | D:2      | Gained mutation: You are partially covered in icy blue
                  | scales. (AC +2) [demonic ancestry]
   918 | D:2      | Reached XP level 3. HP: 18/29 MP: 3/3
  1602 | D:3      | Found a sparkling altar of Nemelex Xobeh.
  1607 | D:3      | Found a sacrificial altar of Ru.
  1662 | D:3      | Reached skill level 1 in Stealth
  1662 | D:3      | Gained mutation: You have a pair of small antennae on your
                  | head. [demonic ancestry]
  1662 | D:3      | Reached XP level 4. HP: 15/35 MP: 4/4
  1674 | D:3      | Killed from afar by an orc priest

Illustrated notes

Levels and vault maps discovered:
D:1:      dpeg_arrival_round_a, layout_basic
D:2:      layout_basic
D:3:      layout_loops_corners, gammafunk_temple_overflow_wave, minitemple,
          gammafunk_ghost_abyssal_escape, kennysheep_jessica_study

Skill      XL: |  1  2  3 |
---------------+----------+-----
Short Blades   | 2 3 |  3.3
Dodging        | 1 |  1.0
Stealth        | 1 |  1.4
Fighting       | |  3.0
Armour         | |  2.6
Shields        | |  2.6

Action                     |  1- 3 |  4- 6 || total
---------------------------+-------+-------++-------
  Melee: Rapier            |   117 |     4 ||   121
  Throw: Dart              |     3 |       ||     3
    Use: Scroll            |     3 |       ||     3
         Potion            |     1 |     1 ||     2
 Armour: Scale mail        |    47 |       ||    47
         Chain mail        |    22 |     2 ||    24
  Dodge: Dodged            |    48 |     1 ||    49
  Block: Buckler           |    31 |       ||    31

Table legend: (Time is in decaauts)
 A = Elapsed time spent in this place.
 B = Non-inter-level travel time spent in this place.
 C = Inter-level travel time spent in this place.
 D = Time resting spent in this place.
 E = Time spent auto-exploring this place.
 F = Levels seen in this place.
 G = Mean time per level.
                   A        B        C        D        E       F      G
               +--------+--------+--------+--------+--------+-----+--------+
         Total |   1686 |   1585 |    101 |     92 |   1102 |   3 |  562.0 |
       Dungeon |   1686 |   1585 |    101 |     92 |   1102 |   3 |  562.0 |
               +--------+--------+--------+--------+--------+-----+--------+

Top non-repeatable levels by time:
     D:1: 868 daAuts
     D:2: 723 daAuts
     D:3: 94 daAuts
